 Dungeon Crawl Stone Soup version 0.26-a0-646-g5d7718319a (webtiles) character file.

Game seed: 7176802466247113343

7029 DogServant the Zephyrmancer (level 11, -2/64 HPs)
             Began as a Tengu Air Elementalist on Sept 24, 2020.
             Was a Priest of Fedhas.
             Slain by a centaur warrior (12 damage)
             ... on level 11 of the Dungeon.
             The game lasted 00:45:16 (17352 turns).

DogServant the Zephyrmancer (TeAE)                 Turns: 17352, Time: 00:45:17

Health: -2/64      AC:  4    Str:  9    XL:     11   Next: 8%
Magic:  0/22       EV: 18    Int: 24    God:    Fedhas [***...]
Gold:   575        SH:  0    Dex: 23    Spells: 5/24 levels left

rFire    . . .     SeeInvis .   F - +1 mace "Duebuergh" {elec, *Contam rPois rC- Dex+8} (curse)
rCold    x . .     Faith    .   (no shield)
rNeg     . . .     Spirit   +   a - +0 robe
rPois    +         Reflect  .   (helmet restricted)
rElec    .         Harm     .   D - +0 cloak
rCorr    .         Rampage  .   n - +0 pair of gloves
MR       .....                  (boots unavailable)
Stlth    +++.......             t - amulet of guardian spirit
HPRegen  0.20/turn              h - ring of stealth
MPRegen  0.18/turn              y - +6 ring of intelligence

@: flying quickly and evasively, quick
A: beak, talons 3, able to fly
a: Stop Flying, Wall of Briars, Grow Ballistomycete, Renounce Religion


You were on level 11 of the Dungeon.
You worshipped Fedhas.
Fedhas was most pleased with you.
You visited 2 branches of the dungeon, and saw 12 of its levels.

You collected 575 gold pieces.

Inventory:

Hand Weapons
 f - the +10 mace of Yngaimuf {speed, rF+ SInv, unknown}
   (You found it on level 9 of the Dungeon)

   Attacks with this weapon are significantly faster.
   It protects you from fire.
   It lets you see invisible.
 C - a +0 scimitar
 F - the cursed +1 mace "Duebuergh" (weapon) {elec, *Contam rPois rC- Dex+8}
   (You found it on level 8 of the Dungeon)

   Occasionally, upon striking a foe, it will discharge some electrical energy
   and cause terrible harm.
   It affects your dexterity (+8).
   It makes you vulnerable to cold.
   It protects you from poison.
   It causes magical contamination when unequipped.
   It has a curse placed upon it.
Missiles
 r - 26 poisoned darts
 B - 2 curare-tipped darts (quivered)
Armour
 a - a +0 robe (worn)
 i - a scarf of repulsion
 l - the +3 ring mail of the Fife {Harm rC+++ MR- Stlth+, unknown}
   (You found it on level 4 of the Dungeon)

   It renders you almost immune to cold.
   It affects your resistance to hostile enchantments.
   It increases damage dealt and taken.
   It makes you more stealthy.
 n - a +0 pair of gloves (worn)
 D - a +0 cloak (worn)
Jewellery
 h - a ring of stealth (left hand)
 t - an amulet of guardian spirit (around neck)
 w - an uncursed ring of stealth
 y - a +6 ring of intelligence (right hand)
Wands
 b - a wand of random effects (14)
 j - a wand of disintegration (4)
 k - a wand of enslavement (7)
 s - a wand of polymorph (6)
 z - a wand of iceblast (29)
 E - a wand of flame (17)
Scrolls
 g - a scroll of summoning
 u - 2 scrolls of amnesia
 v - a scroll of magic mapping
 G - a scroll of identify
Potions
 c - 2 potions of ambrosia
 d - a potion of cancellation
 e - a potion of resistance
 m - a potion of brilliance
 o - a potion of lignification {unknown}
 p - 2 potions of haste
 q - 5 potions of stabbing {unknown}
 x - a potion of heal wounds {unknown}


   Skills:
 + Level 5.9 Fighting
   Level 2.9 Short Blades
 - Level 2.5 Maces & Flails
 - Level 4.0 Armour
 + Level 4.2 Dodging
 - Level 2.0 Stealth
 - Level 7.1 Spellcasting
 - Level 7.6 Conjurations
 + Level 3.6 Ice Magic
 - Level 12.4 Air Magic
 + Level 2.3 Invocations


You had 5 spell levels left.
You knew the following spells:

 Your Spells              Type           Power        Failure   Level
a - Shock                 Conj/Air       ####         1%          1
b - Swiftness             Air            ######..     1%          2
c - Static Discharge      Conj/Air       ######..     1%          3
d - Airstrike             Air            ######....   1%          4
e - Lightning Bolt        Conj/Air       ######....   3%          5
f - Frozen Ramparts       Ice            ####..       4%          3
g - Animate Skeleton      Necr           #.....       7%          1

Your spell library contained the following spells:

 Spells                   Type           Power        Failure   Level
 Freeze                   Ice            ####         1%          1
 Ozocubu's Armour         Ice            ####....     4%          3
 Apportation              Tloc           #.....       7%          1
 Corona                   Hex            #......      7%          1
 Summon Small Mammal      Summ           #...         7%          1
 Hailstorm                Conj/Ice       #####...     7%          4
 Summon Ice Beast         Ice/Summ       ###.....     32%         4


Dungeon Overview and Level Annotations

Branches:
Dungeon (11/15)            Temple (1/1) D:5
   Lair: D:8-11         Orc: D:9-12

Altars:
Ashenzari
Cheibriados
Elyvilon
Fedhas
Gozag
Hepliaklqana
Kikubaaqudgha
Makhleb
Nemelex Xobeh
Okawaru
Qazlal
Ru
Sif Muna
Trog
Vehumet
Wu Jian
Xom
Yredelemnul
Zin
The Shining One

Annotations:
D:10 Snorg


Innate Abilities, Weirdness & Mutations

You have a beak for a mouth.
You have claws for feet.
You can fly continuously.


Message History

Aiming: Disintegrate
Press: ? - help, Shift-Dir - straight line, f/p - centaur warrior
Aim: a centaur warrior, quivering 23 arrows (almost dead, chance to defeat MR: 48%)
The centaur warrior resists with some effort.
The centaur warrior hits you.
* * * LOW HITPOINT WARNING * * *
Okay, then.
Quiver which item? (- for none, * to show all) (? for menu, Esc to quit)
Quivering
B - 3 curare-tipped darts for throwing.
Throwing (i - inventory. (/) - cycle)
B - 3 curare-tipped darts (quivered)
Press: ? - help, Shift-Dir - straight line, f/p - centaur warrior
Aim: a centaur warrior, quivering 23 arrows (almost dead)
You throw a curare-tipped dart.
The curare-tipped dart hits the centaur warrior.
The centaur warrior is poisoned.
The centaur warrior convulses.
The centaur warrior seems to slow down.
The centaur warrior is almost dead.
The centaur warrior hits you!
You die...
Fedhas appreciates your contribution to the ecosystem.

≈≈≈≈≈≈≈≈≈≈≈≈
≈≈≈≈≈≈≈≈≈≈≈
..........
#.........
#......†..
#'# #.#
#.#####
#.c@..#
#####...#
#+#


You could see a centaur warrior (very poisoned, slow).

Vanquished Creatures
  A two-headed ogre (D:8)
  A manticore (D:11)
  A troll (D:6)
  A hippogriff (D:9)
  Eustachio (D:4)
  6 yaks (D:10)
  An eye of draining (D:9)
  4 orc warriors
  2 ice beasts
  3 sky beasts
  A necrophage (D:7)
  7 ogres
  2 phantoms
  A centaur (D:10)
  2 big kobolds
  8 bullfrogs
  6 killer bees
  A scorpion (D:8)
  An electric eel (D:11)
  4 howler monkeys (D:7)
  A bullfrog zombie (D:6)
  3 jellies
  A quasit (D:8)
  6 orc priests
  5 hounds
  A centaur skeleton (D:10)
  3 bullfrog skeletons
  11 orc wizards
  2 iguanas
  Natasha (thrice) (D:4)
  11 worker ants
  A hound zombie (D:6)
  A hound skeleton (D:5)
  Robin (D:3)
  A worker ant zombie (D:10)
  16 adders
  3 gnolls (D:2)
  A shadow imp (D:7)
  2 white imps (D:5)
  An ufetubus (D:10)
  An ooze (D:3)
  2 adder skeletons (D:4)
  5 dart slugs
  A worm (D:3)
  9 leopard geckos
  23 orcs
  6 ball pythons
  12 bats
  2 giant cockroaches
  16 goblins
  8 hobgoblins
  13 jackals
  4 quokkas
  6 frilled lizards
  17 kobolds
  A leopard gecko zombie (D:9)
  5 rats
259 creatures vanquished.

Vanquished Creatures (others)
  A leopard gecko (D:9)
  A kobold (D:9)
2 creatures vanquished.

Grand Total: 261 creatures vanquished

Notes
Turn   | Place    | Note
-------+----------+-------------------------------------------
     0 | D:1      | DogServant the Tengu Air Elementalist began the quest for
                  | the Orb.
     0 | D:1      | Reached XP level 1. HP: 10/10 MP: 4/4
   533 | D:1      | Reached XP level 2. HP: 15/15 MP: 3/6
  1263 | D:1      | Reached XP level 3. HP: 19/19 MP: 4/7
  1799 | D:2      | Reached skill level 5 in Air Magic
  2147 | D:2      | Reached XP level 4. HP: 12/24 MP: 3/8
  2576 | D:2      | Learned a level 2 spell: Swiftness
  2580 | D:2      | Learned a level 3 spell: Static Discharge
  3084 | D:2      | Found a snail-covered altar of Cheibriados.
  3091 | D:2      | Found a sparkling altar of Nemelex Xobeh.
  3091 | D:2      | Found an opulent altar of Gozag.
  3165 | D:2      | Gained mutation: You can fly continuously. [Tengu growth]
  3165 | D:2      | Reached XP level 5. HP: 28/28 MP: 7/9
  3802 | D:3      | Found a bloodstained altar of Trog.
  3966 | D:3      | Noticed Robin
  4363 | D:3      | Reached skill level 1 in Fighting
  4363 | D:3      | Reached skill level 6 in Air Magic
  5034 | D:3      | Killed Robin
  5399 | D:4      | Got a polished ring mail
  5409 | D:4      | Reached XP level 6. HP: 18/35 MP: 2/11
  5636 | D:3      | Learned a level 4 spell: Airstrike
  5694 | D:4      | Noticed Eustachio
  5790 | D:4      | Killed Eustachio
  5901 | D:4      | Found a shimmering blue altar of Sif Muna.
  5932 | D:4      | Reached XP level 7. HP: 41/41 MP: 4/13
  6293 | D:4      | Reached skill level 1 in Short Blades
  6293 | D:4      | Reached skill level 1 in Armour
  6517 | D:4      | Noticed Natasha
  6589 | D:4      | Killed Natasha
  6599 | D:4      | Noticed Natasha
  6602 | D:4      | Killed Natasha
  6675 | D:4      | Noticed Natasha
  6970 | D:4      | Killed Natasha
  7220 | D:5      | Entered Level 5 of the Dungeon
  7348 | D:5      | Found a white marble altar of Elyvilon.
  7360 | D:5      | Reached XP level 8. HP: 27/46 MP: 7/16
  7745 | D:5      | Reached skill level 1 in Maces & Flails
  8102 | D:5      | Found a glowing golden altar of the Shining One.
  8154 | D:5      | Found a staircase to the Ecumenical Temple.
  8168 | Temple   | Entered the Ecumenical Temple
  8221 | Temple   | Became a worshipper of Fedhas Madash
  9514 | D:6      | Noticed a troll
  9526 | D:6      | Killed a troll
  9526 | D:6      | Reached skill level 8 in Air Magic
  9845 | D:6      | Reached skill level 9 in Air Magic
 10097 | D:6      | Learned a level 5 spell: Lightning Bolt
 10251 | D:6      | Reached XP level 9. HP: 50/51 MP: 12/17
 10476 | D:6      | Found an ornate altar of the Wu Jian Council.
 10480 | D:6      | Reached skill level 10 in Air Magic
 10693 | D:7      | Reached * piety under Fedhas
 11358 | D:7      | Reached skill level 11 in Air Magic
 11869 | D:7      | Found a basalt altar of Yredelemnul.
 11916 | D:7      | Reached skill level 5 in Spellcasting
 12233 | D:7      | Reached skill level 5 in Conjurations
 12822 | D:8      | Noticed a two-headed ogre
 12830 | D:8      | Killed a two-headed ogre
 12830 | D:8      | Reached skill level 5 in Fighting
 12830 | D:8      | Reached XP level 10. HP: 59/59 MP: 0/19
 12984 | D:8      | Reached ** piety under Fedhas
 13001 | D:8      | Reached skill level 12 in Air Magic
 13562 | D:8      | Found an ancient bone altar of Kikubaaqudgha.
 13757 | D:8      | Found an iron altar of Okawaru.
 13777 | D:8      | Got a transparent mace
 13778 | D:8      | Identified the cursed +1 mace "Duebuergh" {elec, *Contam
                  | rPois rC- Dex+8} (You found it on level 8 of the Dungeon)
 13783 | D:8      | Learned a level 3 spell: Frozen Ramparts
 14525 | D:9      | Got a smoking mace
 14799 | D:9      | Reached skill level 1 in Ice Magic
 15191 | D:9      | Reached *** piety under Fedhas
 15306 | D:10     | Entered Level 10 of the Dungeon
 15487 | D:10     | Noticed Snorg
 15759 | D:10     | Learned a level 1 spell: Animate Skeleton
 16760 | D:10     | Reached skill level 1 in Invocations
 16791 | D:10     | Reached XP level 11. HP: 37/64 MP: 6/22
 17101 | D:11     | Noticed a manticore
 17206 | D:11     | Killed a manticore
 17337 | D:11     | Noticed a centaur warrior
 17352 | D:11     | Slain by a centaur warrior

Illustrated notes

Levels and vault maps discovered:
D:1:      minmay_arrival_loop, layout_basic
D:2:      layout_basic, grunt_temple_overflow_opulence, minmay_misc_feat_five,
          minmay_misc_feat_x, kennysheep_slug_shrine
D:3:      layout_loops_ring, lemuel_round_altar, hangedman_decor_diamond_cutter,
          skrybe_limestone_x, minmay_box_of_dots, uniq_robin
D:4:      layout_basic, old_standard_altar, uniq_eustachio, uniq_natasha
D:5:      layout_basic, elyvilon_altar_3, minmay_temple_entry_slanted,
          nicolae_tso_swordbearing_angel
D:6:      layout_basic, marbit_many_paths, patterned_corridor
D:7:      minmay_clustersquares, layout_loops_corners, kennysheep_mini,
          chequers_decorated_corner
D:8:      layout_rooms, kennysheep_mini_moat, okawaru_ov_weapons_minmay
D:9:      layout_gridville
D:10:     layout_long_grid, uniq_snorg
D:11:     layout_roguey, lair_entry_dummy, erik_orc_2, minmay_misc_feat_iff,
          chequers_serial_rivers_small_3, minmay_misc_feat_doors
Temple:   nicolae_temple_great_sept

Skill      XL: |  1  2  3  4  5  6  7  8  9 10 11 |
---------------+----------------------------------+-----
Conjurations   | 2 3 4 6 7 |  7.6
Air Magic      | 5 6 9 11 12 | 12.4
Fighting       | 2 3 5 |  5.9
Spellcasting   | 3 4 5 7 |  7.1
Short Blades   | 2 |  2.9
Armour         | 2 4 |  4.0
Maces & Flails | 2 |  2.5
Ice Magic      | 3 |  3.6
Dodging        | 3 4 |  4.2
Invocations    | 1 2 |  2.3
Stealth        | |  2.0

Action                   |  1- 3 |  4- 6 |  7- 9 | 10-12 || total
-------------------------+-------+-------+-------+-------++-------
Melee: Unarmed           |    16 |       |       |       ||    16
       Kick              |     1 |     1 |    23 |    27 ||    52
       Whip              |       |     7 |    77 |    25 ||   109
       Peck              |       |     1 |    11 |    21 ||    33
       Mace              |       |       |       |    82 ||    82
Throw: Dart              |       |       |       |     1 ||     1
 Cast: Shock             |    71 |   116 |   104 |    44 ||   335
       Airstrike         |       |     5 |    62 |    61 ||   128
       Frozen Ramparts   |       |       |       |     4 ||     4
       Swiftness         |       |       |       |     2 ||     2
 Abil: Fly               |       |       |     2 |       ||     2
       Stop Flying       |       |       |     1 |       ||     1
Evoke: Wand              |       |       |       |     9 ||     9
  Use: Scroll            |       |     4 |     6 |     9 ||    19
       Potion            |       |       |     1 |     5 ||     6
 Stab: Sleeping          |       |       |     1 |     1 ||     2
       Invisible         |       |       |       |     5 ||     5
       Distracted        |       |       |       |     1 ||     1
Armor: Robe              |     7 |     7 |    12 |    23 ||    49
Dodge: Dodged            |    23 |    31 |    65 |   153 ||   272
       Repelled          |       |     1 |     1 |     1 ||     3

Table legend: (Time is in decaauts)
 A = Elapsed time spent in this place.
 B = Non-inter-level travel time spent in this place.
 C = Inter-level travel time spent in this place.
 D = Time resting spent in this place.
 E = Time spent auto-exploring this place.
 F = Levels seen in this place.
 G = Mean time per level.
                   A        B        C        D        E       F      G
               +--------+--------+--------+--------+--------+-----+--------+
         Total |  17024 |  16550 |    474 |   6174 |   8730 |  12 | 1418.7 |
       Dungeon |  16961 |  16497 |    464 |   6174 |   8717 |  11 | 1541.9 |
        Temple |     63 |     53 |     10 |      0 |     13 |   1 |   63.0 |
               +--------+--------+--------+--------+--------+-----+--------+

Top non-repeatable levels by time:
     D:2: 2154 daAuts
     D:3: 1897 daAuts
     D:6: 1814 daAuts
     D:7: 1682 daAuts
     D:9: 1663 daAuts
     D:4: 1635 daAuts
     D:1: 1533 daAuts
     D:5: 1504 daAuts
    D:10: 1469 daAuts
     D:8: 1329 daAuts
    D:11: 275 daAuts
  Temple: 63 daAuts
